 Dungeon Crawl Stone Soup version 0.17-a0-1176-g3d5a0d0 (webtiles) character file.

4788 Vivisectus the Thaumaturge (level 10, 0/50 HPs)
             Began as a Deep Elf Conjurer on May 30, 2015.
             Was a Believer of Sif Muna.
             Slain by an orc warrior
             ... wielding a +0 scimitar
              (14 damage)
             ... on level 7 of the Dungeon.
             The game lasted 00:53:57 (9749 turns).

Vivisectus the Thaumaturge (Deep Elf Conjurer)      Turns: 9749, Time: 00:53:57

Health: 0/50       AC: 45    Str:  5    XL:     10   Next: 24%
Magic:  25/25      EV:  0    Int: 23    God:    Sif Muna [**....]
Gold:   339        SH:  2    Dex: 16    Spells: 5 memorised, 12 levels left

rFire  . . .     SeeInvis .     h - +2 dagger (protect)
rCold  . . .     Clarity  .     E - +27 Lear's hauberk
rNeg   . . .     SustAt   .     (no shield)
rPois  .         Gourm    .     (helmet currently unavailable)
rElec  .         Spirit   .     p - +2 cloak {+Inv}
rCorr  .         Warding  .     (gloves currently unavailable)
rMut   .         Stasis   .     (boots currently unavailable)
MR     +....                    (no amulet)
Stlth  ..........               s - ring of wizardry
                                l - ring of flight

@: somewhat resistant to hostile enchantments, extremely unstealthy
A: large bone plates 1
a: Channel Energy, Forget Spell, Renounce Religion, Evoke Invisibility, Evoke
Flight


You were on level 7 of the Dungeon.
You worshipped Sif Muna.
Sif Muna was pleased with you.
You were not hungry.

You visited 2 branches of the dungeon, and saw 8 of its levels.
You also visited: Ossuary and Bailey.

You collected 339 gold pieces.

Inventory:

Hand weapons
 h - a +2 dagger of protection (weapon)
 r - a +0 dagger of draining
 u - a +2 quarterstaff of chaos
Armour
 a - a +0 robe
 i - a +0 pair of boots
 j - a +0 helmet
 p - a +2 cloak of invisibility (worn)
 t - a +0 pair of gloves
 w - a +0 cloak
 E - the +27 Lear's hauberk (worn)
   (You found it in a bailey)
 M - a +2 plate armour of cold resistance
Jewellery
 l - a ring of flight (left hand)
 s - a ring of wizardry (right hand)
Magical devices
 q - a wand of polymorph (8)
 B - a wand of invisibility (1)
 O - a wand of fireball (9)
Scrolls
 c - 2 scrolls of noise {unknown}
 d - a scroll of amnesia
 n - 4 scrolls of magic mapping
 z - 2 scrolls of random uselessness
 F - 3 scrolls of remove curse
 G - 4 scrolls of fear
 H - a scroll of blinking
 I - a scroll of enchant armour {unknown}
 J - a scroll of fog {unknown}
 K - a scroll of enchant weapon {unknown}
 N - a scroll of teleportation {unknown}
Potions
 e - a potion of cure mutation
 f - a potion of ambrosia
 g - a potion of haste {unknown}
 k - 2 potions of lignification
 m - a potion of might
 o - a potion of brilliance
 x - 2 potions of berserk rage
 A - a potion of heal wounds
 C - 2 potions of degeneration
 L - a potion of mutation
Books
 b - a book of Conjurations

   Spells                             Type                      Level
   a - Magic Dart                     Conjuration                  1
   b - Searing Ray                    Conjuration                  2
   c - Dazzling Spray                 Conjuration/Hexes            3
   d - Fulminant Prism                Conjuration/Hexes            4
   e - Iskenderun's Mystic Blast      Conjuration                  4
   f - Iskenderun's Battlesphere      Conjuration/Charms           5
Comestibles
 v - 3 meat rations
 D - 6 bread rations
 P - 3 fruits


   Skills:
 - Level 2.8 Short Blades
 * Level 0.0 Armour
 - Level 7.0 Dodging
 - Level 2.4 Stealth
 + Level 9.3 Spellcasting
 - Level 8.6 Conjurations
 - Level 7.7 Hexes
 - Level 7.9 Charms
 - Level 5.7 Invocations


You had 12 spell levels left.
You knew the following spells:

 Your Spells              Type           Power        Failure   Level  Hunger
a - Magic Dart            Conj           ####         95%         1    None
b - Searing Ray           Conj           ######       98%         2    None
c - Dazzling Spray        Conj/Hex       #####...     100%        3    None
d - Iskenderun's Mystic   Conj           ######..     100%        4    ##.....
e - Iskenderun's Battles  Conj/Chrm      #####...     100%        5    ####...


Dungeon Overview and Level Annotations

Branches:
Dungeon (7/15)             Temple (1/1) D:4

Altars:
Ashenzari
Dithmenos
Fedhas
Gozag
Kikubaaqudgha
Makhleb
Nemelex Xobeh
Okawaru
Qazlal
Sif Muna
Trog
Vehumet
Xom
Yredelemnul
Zin
The Shining One

Shops:
D:7 }


Innate Abilities, Weirdness & Mutations

You are partially covered in large bone plates (AC +2, SH +2).


Message History

The orc priest hits you but does no damage.
You block the orc warrior's attack.
A giant gecko comes into view.
You hit the orc priest but do no damage.
The orc priest is moderately wounded.
The orc priest hits you but does no damage.
You hit the orc priest but do no damage.
The orc priest is moderately wounded.
The orc warrior hits you with a scimitar!
Your Lear's hauberk prevents you from hitting the orc priest.
The orc priest is moderately wounded.
The orc priest hits you but does no damage.
The orc warrior hits you with a scimitar!
Unknown command.
Your Lear's hauberk prevents you from hitting the orc priest.
The orc priest is moderately wounded.
The orc priest hits you with a club.
* * * LOW HITPOINT WARNING * * *
The orc warrior hits you with a scimitar!
You die...

##.....#.........#....##
###.########.)........#
#..# #..........# ####
#..........#
#.......)..#
#..........#
#...<......#
#..#'####### #.###@#
#..ooo# #..oo## #..lK
#?##. /.. .. ... .. ##
.#.


You could see an orc warrior, an orc priest, 3 orcs, a giant gecko and a kobold.

Vanquished Creatures
  The ghost of onwiheg the Arsonist, a powerful DgFE (Bailey)
  Pikel (D:4)
  2 orc knights (Bailey)
  Grinder (D:4)
  A spriggan (D:7)
  Sigmund (D:4)
  A wraith (Ossuary)
  2 ice beasts
  3 centaurs (D:7)
  5 orc warriors (Bailey)
  A phantom (D:4)
  A necrophage (D:7)
  A giant frog (D:7)
  Blork the orc (D:4)
  2 scorpions (D:7)
  A gnoll sergeant (D:6)
  A crimson imp (D:6)
  A jelly (D:5)
  A giant frog zombie (D:6)
  2 iguanas
  Crazy Yiuf (D:4)
  2 orc priests (D:5)
  A hound (D:5)
  4 orc wizards
  Jessica (D:2)
  7 worker ants
  A giant frog skeleton (D:6)
  2 mummies
  7 gnolls
  4 adders
  An ooze (D:1)
  An adder skeleton (D:4)
  3 worms
  A giant gecko (D:6)
  27 orcs
  A bat skeleton (D:6)
  6 giant cockroaches
  10 hobgoblins
  11 kobolds
  4 quokkas
  3 ball pythons
  16 bats
  5 giant newts
  3 gnoll skeletons (Ossuary)
  17 goblins
  5 jackals
  8 kobold skeletons (Ossuary)
  14 orc skeletons (Ossuary)
  A quokka skeleton (D:4)
  20 rats
217 creatures vanquished.

Vanquished Creatures (others)
  A slave (D:4)
  A scorpion (D:4)
  A worker ant (D:4)
  An adder (D:4)
4 creatures vanquished.

Grand Total: 221 creatures vanquished

Notes
Turn   | Place    | Note
--------------------------------------------------------------
     0 | D:1      | Vivisectus the Deep Elf Conjurer began the quest for the Orb.
     0 | D:1      | Reached XP level 1. HP: 10/10 MP: 6/6
   419 | D:1      | Reached XP level 2. HP: 15/15 MP: 1/8
   734 | D:1      | Learned a level 2 spell: Searing Ray
  1023 | D:1      | Reached skill level 5 in Conjurations
  1035 | D:1      | Reached XP level 3. HP: 13/19 MP: 10/10
  1420 | D:1      | Learned a level 3 spell: Dazzling Spray
  1498 | D:2      | Gained mutation: You are partially covered in large bone plates (AC +2, SH +2). [potion of beneficial mutation]
  1507 | D:2      | Found a glowing silver altar of Zin.
  1648 | D:2      | Noticed Jessica
  1653 | D:2      | Killed Jessica
  1653 | D:2      | Reached skill level 1 in Hexes
  1653 | D:2      | Reached XP level 4. HP: 24/24 MP: 8/12
  1950 | D:2      | Found a stormy altar of Qazlal.
  2186 | D:2      | Found an opulent altar of Gozag.
  2596 | D:3      | Found an ancient bone altar of Kikubaaqudgha.
  2758 | D:3      | Found a shattered altar of Ashenzari.
  3098 | D:3      | Found a shadowy altar of Dithmenos.
  3622 | D:4      | Reached XP level 5. HP: 28/28 MP: 13/13
  3761 | D:4      | Noticed a slave
  3762 | D:4      | Noticed Pikel
  3763 | D:4      | Noticed a slave
  3763 | D:4      | Noticed a slave
  3763 | D:4      | Found a staircase to the Ecumenical Temple.
  3764 | D:4      | Noticed a slave
  3770 | D:4      | HP: 1/28 [Pikel/whip of flaming (1)]
  3771 | D:4      | Killed Pikel
  3771 | D:4      | Reached skill level 5 in Spellcasting
  3771 | D:4      | Reached skill level 6 in Conjurations
  3771 | D:4      | Reached XP level 6. HP: 1/32 MP: 4/16
  3771 | D:4      | Reached XP level 7. HP: 1/36 MP: 4/17
  3781 | Temple   | Entered the Ecumenical Temple
  4259 | D:4      | Noticed Blork the orc
  4272 | D:4      | Killed Blork the orc
  4390 | D:4      | Killed a freed slave
  4416 | D:4      | Noticed Grinder
  4423 | D:4      | Paralysed by Grinder for 2 turns
  4433 | D:4      | Killed Grinder
  4433 | D:4      | Reached skill level 5 in Dodging
  4457 | D:4      | Learned a level 4 spell: Iskenderun's Mystic Blast
  4463 | D:4      | Learned a level 5 spell: Iskenderun's Battlesphere
  4585 | D:4      | Noticed Sigmund
  4625 | D:4      | Killed Sigmund
  4625 | D:4      | Reached XP level 8. HP: 23/41 MP: 19/19
  4887 | D:4      | Noticed Crazy Yiuf
  4890 | D:4      | Killed Crazy Yiuf
  5260 | D:5      | Entered Level 5 of the Dungeon
  5592 | D:5      | Reached skill level 7 in Spellcasting
  5859 | D:5      | Reached skill level 5 in Hexes
  6134 | D:5      | Found an iron altar of Okawaru.
  6537 | D:6      | Found a sparkling altar of Nemelex Xobeh.
  6575 | D:6      | Found a deep blue altar of Sif Muna.
  6583 | D:6      | Became a worshipper of Sif Muna the Loreminder
  6591 | D:6      | Found a glowing golden altar of the Shining One.
  6689 | D:6      | Found a sand-covered staircase.
  6697 | Ossuary  | Entered an ossuary
  7318 | Ossuary  | Reached skill level 5 in Charms
  7792 | D:6      | Reached skill level 1 in Invocations
  7794 | D:6      | Reached XP level 9. HP: 45/45 MP: 8/22
  8409 | D:7      | Reached skill level 8 in Spellcasting
  8576 | D:7      | Found Giacuph's Gadget Boutique.
  8689 | D:7      | Acquired Sif Muna's first power
  8882 | D:7      | Found a flagged portal.
  8922 | Bailey   | Entered a bailey
  8949 | Bailey   | Noticed onwiheg's ghost (powerful DgFE)
  8964 | Bailey   | Killed onwiheg's ghost
  9352 | Bailey   | Noticed an orc knight
  9353 | Bailey   | Noticed an orc knight
  9370 | Bailey   | Killed an orc knight
  9370 | Bailey   | Acquired Sif Muna's second power
  9370 | Bailey   | Reached skill level 9 in Spellcasting
  9370 | Bailey   | Reached skill level 5 in Invocations
  9370 | Bailey   | Reached XP level 10. HP: 50/50 MP: 7/25
  9373 | Bailey   | Killed an orc knight
  9749 | D:7      | Slain by an orc warrior

Vault maps used:
D:1:      dpeg_arrival_signposts
D:2:      lemuel_crystal_altar, nicolae_overflow_crystal_walls,
          lemuel_crystal_altar, uniq_jessica
D:3:      old_standard_altar, evilmike_ruin_ashenzari, kiku_gazebo_garden_becter
D:4:      minmay_temple_entry_statues_pillars, uniq_blork_the_orc, uniq_pikel,
          uniq_sigmund, uniq_grinder, uniq_crazy_yiuf_cottage
D:5:      okawaru_altar_gauntlet_db, first_bread
D:6:      kennysheep_mini_moat, overflow_temple_1_default,
          nemelex_xobeh_ov_fountains_minmay, gup_ossuary_entry_pyramid,
          fountainhead, kennysheep_generic_room_16
D:7:      lemuel_ice_statue, nicolae_ru_the_path_less_chosen, serial_shops,
          nicolae_shop_waterfront, enter_bailey_2, the_bakery, glass_columns_a,
          hangedman_abyss_or_decor_passed, grunt_tough_drop
Temple:   circular_temple_6
Ossuary:  ossuary_due_mausoleum
Bailey:   bailey_polearm_1, bailey

Action                   |  1- 3 |  4- 6 |  7- 9 | 10-12 || total
-------------------------+-------+-------+-------+-------++-------
Melee: Dagger            |     8 |    92 |   277 |    37 ||   414
       Short sword       |    43 |    31 |       |       ||    74
       Unarmed           |       |       |     1 |       ||     1
 Cast: Magic Dart        |    43 |    24 |    56 |     2 ||   125
       Dazzling Spray    |       |     4 |   101 |     4 ||   109
       Searing Ray       |       |     4 |     9 |       ||    13
       Iskenderun's Myst |       |       |     2 |       ||     2
       Iskenderun's Batt |       |       |    10 |       ||    10
Invok: Channel Energy    |       |       |    25 |     2 ||    27
  Use: Scroll            |     3 |     1 |    11 |     1 ||    16
       Potion            |     1 |       |     6 |       ||     7
 Stab: Sleeping          |     1 |     3 |     4 |       ||     8
       Invisible         |       |       |     6 |       ||     6
       Distracted        |       |       |     1 |       ||     1
  Eat: Chunk             |     2 |     3 |    15 |       ||    20
       Bread ration      |       |     1 |       |       ||     1
       Fruit             |       |       |     4 |       ||     4
       Royal jelly       |       |       |     1 |       ||     1
       Beef jerky        |       |       |     1 |       ||     1
       Pizza             |       |       |     1 |       ||     1
       Meat ration       |       |       |       |     1 ||     1
